 Dungeon Crawl Stone Soup version 0.25.1-2-g60ff931df9 (webtiles) character file.

Game seed: 5959266183378479240

43 Allula97 the Sneak (level 3, -1/18 HPs)
             Began as a Vine Stalker Enchanter on Nov 6, 2020.
             Was a Follower of Ashenzari.
             Slain by an adder (4 damage)
             ... on level 3 of the Dungeon.
             The game lasted 00:08:40 (1581 turns).

Allula97 the Sneak (Vine Stalker Enchanter)         Turns: 1581, Time: 00:08:41

Health: -1/18      AC:  2    Str: 10    XL:     3   Next: 58%
Magic:  0/7        EV: 12    Int: 15    God:    Ashenzari [*.....]
Gold:   100        SH:  0    Dex: 15    Spells: 3/6 levels left

rFire    . . .     SeeInvis .   a - +1 dagger
rCold    . . .     Gourm    .   (no shield)
rNeg     . . .     Faith    .   b - +0 robe
rPois    .         Spirit   +   (no helmet)
rElec    .         Reflect  .   (no cloak)
rCorr    .         Harm     .   (no gloves)
MR       .....                  (no boots)
Stlth    +++.......             h - amulet of the acrobat
HPRegen  0.06/turn              (no ring)
MPRegen  0.10/turn              (no ring)

@: mighty, lethally poisoned (-1 -> -6), flying, very slightly contaminated,
hasted, very quick
A: fangs 2, magic shield, antimagic bite, no potion heal 3, rot immunity
a: Curse Item, Scrying, Renounce Religion


You were on level 3 of the Dungeon.
You worshipped Ashenzari.
Ashenzari was aware of your devotion.
You were near starving.

You visited 1 branch of the dungeon, and saw 3 of its levels.

You collected 100 gold pieces.

Inventory:

Hand Weapons
 a - a +1 dagger (weapon)
Armour
 b - a +0 robe (worn)
Jewellery
 h - an amulet of the acrobat (around neck)
Scrolls
 c - a scroll of teleportation {unknown}
 e - 2 scrolls of fog {unknown}
 f - 3 scrolls of identify {unknown}
 g - a scroll of remove curse
 i - a scroll of noise {unknown}
 j - a scroll of magic mapping {unknown}
 n - a scroll of enchant armour {unknown}
Potions
 m - a potion of flight
Comestibles
 d - 4 rations


   Skills:
 * Level 1.2 Fighting
 * Level 1.1 Short Blades
 + Level 0.9 Armour
 + Level 1.6 Dodging
 * Level 4.1 Stealth
 + Level 0.2 Unarmed Combat
 + Level 2.3 Spellcasting
 + Level 3.1 Hexes


You had 3 spell levels left.
You knew the following spells:

 Your Spells              Type           Power        Failure   Level  Hunger
a - Corona                Hex            ##.....      6%          1    #......
b - Ensorcelled Hibernat  Hex/Ice        #.....       17%         2    ###....

Your spell library contained the following spells:

 Spells                   Type           Power        Failure   Level  Hunger
 Confusing Touch          Hex            ##......     19%         3    ###....
 Tukima's Dance           Hex            ##......     19%         3    ###....
 Dazzling Flash           Conj/Hex       #.....       34%         3    ###....


Dungeon Overview and Level Annotations

Branches:
Dungeon (3/15)

Altars:
Ashenzari

Annotations:
D:2 Smth with DIG


Innate Abilities, Weirdness & Mutations

You have extremely sharp teeth.
When hurt, damage is shared between your health and your magic reserves.
Your bite disrupts and absorbs the magic of your enemies.
Potions cannot restore your health.
You are immune to rotting.


Message History

Aim: an adder (moderately wounded, chance to defeat MR: 47%)
You miscast Ensorcelled Hibernation.
You are very lightly contaminated with residual magic.
Nothing appears to happen.
The adder barely misses you. The adder bites you.
* * * LOW HITPOINT WARNING * * *
You are lethally poisoned!
The adder poisons you!
* * * LOW HITPOINT WARNING * * *
You feel sick.
It was a potion of flight.
You feel very buoyant.
You fly up into the air.
* * * LOW HITPOINT WARNING * * *
You feel sick. The adder closely misses you.
It was a potion of might.
You feel very mighty all of a sudden. The adder barely misses you. x2
It was a potion of haste.
You feel yourself speed up. The adder bites you.
You die...

#### #...####
#...... +......
#...... .....#
#$.######.####
#...lS@.......
##..######.####
+..l..### .#
##..#.#.##.##
+............
#............
#...#........
..#......#####.
................


You could see an adder and a leopard gecko.

Vanquished Creatures
  An adder (D:2)
  A dart slug (D:1)
  3 giant cockroaches
  3 goblins
  3 hobgoblins
  2 jackals (D:1)
  A quokka (D:2)
  5 bats
  4 frilled lizards (D:1)
  6 kobolds
  3 rats
32 creatures vanquished.

Notes
Turn   | Place    | Note
-------+----------+-------------------------------------------
     0 | D:1      | Allula97 the Vine Stalker Enchanter began the quest for the
                  | Orb.
     0 | D:1      | Reached XP level 1. HP: 9/9 MP: 4/4
   346 | D:1      | Reached skill level 1 in Short Blades
   346 | D:1      | Reached XP level 2. HP: 11/14 MP: 4/6
   661 | D:1      | Reached skill level 1 in Fighting
   716 | D:1      | Learned a level 2 spell: Ensorcelled Hibernation
   812 | D:2      | Reached skill level 4 in Stealth
   847 | D:2      | Reached XP level 3. HP: 14/18 MP: 7/7
   894 | D:2      | Found a faded altar of an unknown god.
  1523 | D:2      | Became a worshipper of Ashenzari the Shackled
  1523 | D:2      | Reached * piety under Ashenzari
  1581 | D:3      | Slain by an adder

Illustrated notes

Levels and vault maps discovered:
D:1:      minmay_arrival_four_loops, layout_basic
D:2:      layout_basic, chequers_ecumenical_altar_simple, serial_glass,
          glass_columns_a, glass_columns_a, glass_columns_b, glass_columns_a,
          glass_columns_b, glass_columns_a, glass_columns_b, glass_columns_c,
          glass_columns_c, glass_columns_c, due_unseen_surprise,
          item_on_display_a, item_on_display_a
D:3:      layout_basic, fountainhead

Skill      XL: |  1  2 |
---------------+-------+-----
Short Blades   | 1 |  1.1
Fighting       | 1 |  1.2
Stealth        | 4 |  4.1
Armour         | |  0.9
Dodging        | |  1.6
Unarmed Combat | |  0.2
Spellcasting   | |  2.3
Hexes          | |  3.1

Action                   || total
-------------------------++-------
Melee: Dagger            ||    97
       Bite              ||    17
 Cast: Corona            ||     2
       Ensorcelled Hiber ||     7
  Use: Potion            ||     3
 Stab: Sleeping          ||     9
  Eat: Chunk             ||     1
Armor: Robe              ||    11
Dodge: Dodged            ||    79
